 Dungeon Crawl Stone Soup version 0.21.1-1-g345015fe64 (webtiles) character file.

91 3rdEnemy the Shooter (level 4, -1/37 HPs)
             Began as a Centaur Hunter on July 21, 2018.
             Slain by an orc
             ... wielding a +0 trident
              (8 damage)
             ... on level 3 of the Dungeon.
             The game lasted 00:07:34 (1943 turns).

3rdEnemy the Shooter (Centaur Hunter)               Turns: 1943, Time: 00:07:35

Health: -1/37      AC: 12    Str: 16    XL:     4   Next: 33%
Magic:  4/4        EV:  7    Int: 10    God:
Gold:   135        SH:  0    Dex:  9    Spells: 3/3 levels left

rFire    . . .     SeeInvis .   a - +2 long sword (protect)
rCold    . . .     Gourm    .   (no shield)
rNeg     + . .     Faith    .   o - +0 ring mail
rPois    .         Spirit   .   (no helmet)
rElec    .         Reflect  .   (no cloak)
rCorr    .         Harm     .   (no gloves)
MR       .....                  (no barding)
Stlth    ..........             (no amulet)
HPRegen  0.12/turn              i - -2 ring of evasion (curse)
MPRegen  0.09/turn              k - ring of positive energy

@: protection aura, very quick
A: large, hooves 3, deformed body, speed 2, tough skin 3
a: no special abilities


You were on level 3 of the Dungeon.
You were not hungry.

You visited 1 branch of the dungeon, and saw 3 of its levels.

You collected 135 gold pieces.

Inventory:

Hand Weapons
 a - a +2 long sword of protection (weapon)
 b - a +1 shortbow
 l - a +0 fustibalus
Missiles
 d - 89 arrows
 h - 14 bolts
 m - 69 stones (quivered)
Armour
 o - a +0 ring mail (worn)
Jewellery
 i - a cursed -2 ring of evasion (left hand)
 k - a ring of positive energy (right hand)
Scrolls
 j - 2 scrolls of fear
 n - a scroll of identify
Potions
 e - 2 potions of curing
Comestibles
 c - 3 chunks of flesh
 f - 2 rations


   Skills:
 + Level 2.9 Fighting
 + Level 6.0 Bows
 + Level 0.8 Armour
 - Level 2.0 Dodging
 - Level 1.0 Stealth


You had 3 spell levels left.
You didn't know any spells.

Dungeon Overview and Level Annotations

Branches:
Dungeon (3/15)

Altars:


Innate Abilities, Weirdness & Mutations

You have hooves in place of feet.
Armour fits poorly on your strangely shaped body.
You cover ground very quickly.
You have extremely tough skin. (AC +3)


Message History

The orc barely misses you. The orc hits you but does no damage.
The frilled lizard bites you.
The orc hits you from afar with a trident!
* * * LOW HITPOINT WARNING * * *
You closely miss the orc. The orc hits you but does no damage.
The frilled lizard bites you but does no damage.
The orc hits you but does no damage.
You hit the orc.
Your weapon exudes an aura of protection.
The orc is severely wounded.
The orc hits you.
* * * LOW HITPOINT WARNING * * *
The frilled lizard bites you.
* * * LOW HITPOINT WARNING * * *
The orc hits you but does no damage.
You slash the orc!
You kill the orc!
The frilled lizard bites you but does no damage.
The orc hits you from afar with a trident!
You die...

...#
#....>.......
####
#..<>..###### #
##......# . ###
#..[#.### . ..
#.#...#### #
#.#####.w.#.....
#......ooo......
#..##.##l##.[..#
#.##..##.##@#
..###
#...o.oo##[# ##
..<...o.o....#
##.##..#####..#
.o.. ##.# ...#.#
.# #.#.. .#
#.##. .# . %.


You could see an orc priest, a dart slug, 2 orcs and a frilled lizard.

Vanquished Creatures
  Terence (D:2)
  An adder (D:2)
  A worm (D:3)
  2 dart slugs (D:1)
  3 orcs (D:3)
  4 bats
  4 giant cockroaches
  4 goblins
  6 hobgoblins
  8 kobolds
  A ball python (D:2)
  4 frilled lizards
  7 rats
46 creatures vanquished.

Notes
Turn   | Place    | Note
-------+----------+-------------------------------------------
     0 | D:1      | 3rdEnemy the Centaur Hunter began the quest for the Orb.
     0 | D:1      | Reached XP level 1. HP: 17/17 MP: 1/1
   131 | D:1      | Reached XP level 2. HP: 2/24 MP: 2/2
   653 | D:1      | Reached skill level 1 in Stealth
   837 | D:1      | Reached XP level 3. HP: 30/30 MP: 3/3
  1299 | D:2      | Found a faded altar of an unknown god.
  1325 | D:2      | Noticed Terence
  1380 | D:2      | Killed Terence
  1507 | D:2      | Reached XP level 4. HP: 33/37 MP: 4/4
  1818 | D:3      | Reached skill level 6 in Bows
  1943 | D:3      | Slain by an orc

Skill      XL: |  1  2  3  4 |
---------------+-------------+-----
Stealth        | 1 |  1.0
Dodging        | 2 |  2.0
Bows           | 6 |  6.0
Fighting       | |  2.9
Armour         | |  0.8

Action                   |  1- 3 |  4- 6 || total
-------------------------+-------+-------++-------
Melee: Short sword       |    26 |       ||    26
       Long sword        |       |    23 ||    23
       Kick              |       |     6 ||     6
 Fire: Shortbow          |    78 |     8 ||    86
       Fustibalus        |    34 |       ||    34
  Use: Scroll            |     2 |       ||     2
       Potion            |       |     3 ||     3
  Eat: Chunk             |     1 |     1 ||     2
Armor: Leather armour    |    24 |       ||    24
       Ring mail         |       |    26 ||    26
Dodge: Dodged            |    30 |    18 ||    48
       Rpst.: Long sword |       |     5 ||     5
